 Dungeon Crawl Stone Soup version 0.31.0-32-g396128a36d (webtiles) character file.

Game seed: 4121158849098970678

1225 Alphaeus the Ruffian (level 8, -3/75 HPs)
             Began as a Troll Shapeshifter on Mar 19, 2024.
             Was a Believer of Ru.
             Slain by a sky beast (6 damage)
             ... on level 7 of the Dungeon.
             The game lasted 00:06:00 (5279 turns).

Alphaeus the Ruffian (Troll Shapeshifter)           Turns: 5279, Time: 00:06:00

Health: -3/75      AC:  4    Str: 25    XL:     8   Next: 23%
Magic:  6/6        EV:  9    Int:  6    God:    Ru [**....]
Gold:   283        SH:  0    Dex:  9    Spells: 7/7 levels left

rFire   . .          .
                       - Unarmed
rCold   . . .        (no shield)
rNeg    . . .        a - +0 animal skin
rPois   .            (helmet currently unavailable)
rElec   .            (cloak currently unavailable)
rCorr   .            (gloves unavailable)
SInv    .            (boots unavailable)
Will    .....        (no amulet)
Stlth   +            (no ring)
HPRegen 1.12/turn    (no ring)
MPRegen 0.10/turn

%: no passive effects
@: confused, beast-form, ambrosia-drunk
A: beast (slay +3), large, unfitting armour, claws 3, low MP 1, regeneration 1,
shaggy fur 1, tough skin 1, hated by all
a: Begin Untransformation, Renounce Religion


You were on level 7 of the Dungeon.
You worshipped Ru.
Ru was pleased with you.
You were a hulking beast.
You visited 1 branch of the dungeon, and saw 7 of its levels.

You collected 283 gold pieces.

Inventory:

Armour
 a - a +0 animal skin (worn)
 k - a +2 kite shield
Jewellery
 n - a ring of resist corrosion
 v - a ring of willpower
 A - a ring of ice
Talismans
 c - a beast talisman
 d - a flux talisman
 u - a maw talisman
Scrolls
 e - a scroll of amnesia {unknown}
 g - 2 scrolls of enchant armour {unknown}
 j - 5 scrolls of identify {unknown}
 l - a scroll of noise {unknown}
 o - 2 scrolls of blinking {unknown}
 p - a scroll of vulnerability {unknown}
 q - a scroll of brand weapon {unknown}
 r - 3 scrolls of teleportation {unknown}
 s - a scroll of enchant weapon {unknown}
 t - a scroll of fog {unknown}
 y - a scroll of revelation {unknown}
 z - a scroll of poison {unknown}
Potions
 b - a potion of lignification
 f - a potion of attraction {unknown}
 h - 2 potions of ambrosia
 i - a potion of cancellation {unknown}
 m - 3 potions of curing {unknown}
 w - a potion of degeneration {unknown}
 x - 3 potions of heal wounds {unknown}


   Skills:
 + Level 3.5 Fighting
 - Level 1.5 Dodging
 * Level 7.0 Unarmed Combat
 * Level 6.4 Shapeshifting


You had 7 spell levels left.
You didn't know any spells.
Your spell library contained the following spells:

 Spells                   Type           Power      Damage    Failure   Level
 Flame Wave               Conj/Fire      0%         2d4       99%         4
 Plasma Beam              Fire/Air       0%         2x1d10    100%        6
 Fire Storm               Conj/Fire      0%         5d1       100%        9


Dungeon Overview and Level Annotations

Branches:
Dungeon (7/15)
 Temple: D:4-7

Altars:
Cheibriados
Dithmenos
Okawaru
Ru
Xom

Annotations:
D:3 2 transporters


Innate Abilities, Weirdness & Mutations

You are a hulking beast.
Your limbs bulge with bestial killing power. (Slay +3)
You are too large for most types of armour.
You have claws for hands.
Your magical capacity is low. (-10% MP)
Your natural rate of healing is unusually fast.
You are covered in fur. (AC +1)
You have tough skin. (AC +1)
You are hated by all.


Message History

You kill the gnoll sergeant!
You redirect the gnoll's attack!
The gnoll barely misses itself.
The gnoll hits you from afar with a +0 spear.
The sky beast flickers out of sight!
Deactivating autopickup; reactivate with Ctrl-A.
You strike the helpless gnoll from behind!
You claw the gnoll!
You kill the gnoll!
The gnoll hits you from afar with a +0 spear.
Your Unarmed Combat skill increases to level 7!
The gnoll hits you from afar with a +0 spear.
* * * LOW HITPOINT WARNING * * *
The gnoll barely misses you.
Things that are here:
a +0 trident; a +0 scale mail You claw the gnoll!
You kill the gnoll!
The gnoll hits you from afar with a +0 spear.
* * * LOW HITPOINT WARNING * * *
You completely miss the gnoll.
The gnoll hits you from afar with a +0 spear.
* * * LOW HITPOINT WARNING * * *
You focus your inner power and illuminate the gnoll in retribution!
The gnoll hits you with a +0 club.
* * * LOW HITPOINT WARNING * * *
You scratch the gnoll.
The gnoll is moderately wounded.
The gnoll barely misses you. Something hits you.
* * * LOW HITPOINT WARNING * * *
Something shocks you.
* * * LOW HITPOINT WARNING * * *
The gnoll barely misses you.
Unknown command.
It was a potion of ambrosia.
You are confused.
You feel invigorated. The gnoll closely misses you. Something hits you.
* * * LOW HITPOINT WARNING * * *
Something shocks you.
You die...

###### ### ..<..# ##.##
####.###.#.##### #
........###...)###g###..
###.#.##.#.###..hg......
#.#.# #.# #.{##.###..
#.#.# #.# #.... .. #.#.#
# # #...#g ## #.#.=
..... # #.### ###.### #.
#.# #.#


You could see 2 gnolls.

Vanquished Creatures
  2 black bears (D:6)
  A centaur (D:7)
  A phantom (D:5)
  A gnoll sergeant (D:7)
  A bullfrog (D:7)
  2 scorpions (D:6)
  4 hounds
  2 orc priests (D:3)
  A gnoll bouda (D:6)
  3 jellies (D:6)
  Jessica (D:3)
  2 iguanas
  2 orc wizards (D:5)
  10 gnolls
  7 adders
  4 ufetubi
  A dart slug (D:1)
  A ribbon worm (D:3)
  7 orcs
  5 endoplasms
  A giant cockroach (D:2)
  3 hobgoblins
  8 kobolds
  A quokka (D:2)
  6 ball pythons
  4 bats
  5 frilled lizards
  9 goblins
  2 rats
97 creatures vanquished.

Notes
Turn   | Place    | Note
-------+----------+-------------------------------------------
     0 | D:1      | Alphaeus the Troll Shapeshifter began the quest for the
                  | Orb.
     0 | D:1      | Reached XP level 1. HP: 18/18 MP: 0/0
    67 | D:1      | Reached skill level 1 in Fighting
    79 | D:1      | Reached XP level 2. HP: 27/27 MP: 1/1
   992 | D:2      | Found a basalt altar of Yredelemnul.
  1103 | D:2      | Reached XP level 3. HP: 33/33 MP: 2/2
  1612 | D:3      | Found a faded altar of an unknown god.
  1629 | D:3      | Prayed at the altar of an unknown god.
  1629 | D:3      | Became a worshipper of Ru the Awakened
  1649 | D:3      | Gained mutation: You are hated by all. [Ru sacrifice]
  1649 | D:3      | Reached * piety under Ru
  1649 | D:3      | Reached ** piety under Ru
  1664 | D:3      | Reached skill level 4 in Unarmed Combat
  1664 | D:3      | Reached XP level 4. HP: 41/41 MP: 3/3
  1695 | D:3      | Noticed Jessica
  1698 | D:3      | Killed Jessica
  1699 | D:3      | Reached XP level 5. HP: 49/49 MP: 4/4
  1712 | D:3      | Found a transporter.
  1730 | D:3      | Found a transporter.
  2413 | D:4      | Found an iron altar of Okawaru.
  2952 | D:4      | Found a shimmering altar of Xom.
  2957 | D:4      | Found a snail-covered altar of Cheibriados.
  3046 | D:5      | Entered Level 5 of the Dungeon
  3274 | D:5      | Reached XP level 6. HP: 57/57 MP: 5/5
  3495 | D:5      | Reached skill level 5 in Unarmed Combat
  3603 | D:5      | Gained mutation: Your magical capacity is low. (-10% MP)
                  | [Ru sacrifice]
  3847 | D:5      | Reached skill level 5 in Shapeshifting
  4223 | D:6      | Reached XP level 7. HP: 58/66 MP: 5/5
  4246 | D:6      | Got the Secrets of Hyperthermia
  4324 | D:6      | Reached skill level 6 in Unarmed Combat
  4613 | D:6      | Found a shadowy altar of Dithmenos.
  4831 | D:6      | Reached XP level 8. HP: 74/75 MP: 6/6
  5275 | D:7      | Reached skill level 7 in Unarmed Combat
  5278 | D:7      | HP: 1/75 [something (6)]
  5279 | D:7      | Slain by a sky beast

Illustrated notes

Levels and vault maps discovered:
D:1:      mrwooster_arrival_statue, layout_basic
D:2:      layout_basic, basic_altar, corexii_shack, kennysheep_generic_room_11
D:3:      gammafunk_wand_slinger, layout_loops_cross, basic_ecumenical_altar,
          uniq_jessica
D:4:      layout_loops_corners, minitemple, okawaru_metal_pillars_1_2
D:5:      layout_layer_cave, corexii_checkpoint
D:6:      layout_layer_cave, old_standard_altar
D:7:      layout_loops_ring, lemuel_temple_firewalk_b, grunt_ministairs_3,
          roderic_serpentine_path, nicolae_the_louvre

Skill      XL: |  1  2  3  4  5  6  7  8 |
---------------+-------------------------+-----
Fighting       | 1 2 3 |  3.5
Unarmed Combat | 4 5 6 7 |  7.0
Shapeshifting  | 4 5 6 |  6.4
Dodging        | |  1.5

Action                     |  1- 3 |  4- 6 |  7- 9 || total
---------------------------+-------+-------+-------++-------
  Melee: Unarmed           |    85 |    93 |    63 ||   241
         Punch             |       |     3 |     1 ||     4
 Invoke: Sacrifice Love    |     1 |       |       ||     1
         Sacrifice Essence |       |     1 |       ||     1
    Use: Potion            |       |       |     1 ||     1
   Stab: Distracted        |       |     1 |     1 ||     2
         Sleeping          |       |     1 |       ||     1
 Armour: Animal skin       |    33 |    51 |    61 ||   145
  Dodge: Dodged            |    42 |    57 |    36 ||   135
